3000 views
Uploaded 2020-10-11 17:16:40
Game version 1.32.8
28:03 long 1on1 ladder game on (4)TwistedMeadows
Saved by JagaJazist
3000 views
Uploaded 2020-10-11 17:16:40
Game version 1.32.8
28:03 long 1on1 ladder game on (4)TwistedMeadows

45 units @ 6.4k
/ 0.9k
18 buildings @ 3.4k
/ 1.4k



| Scroll of Town Portal | 1 | 350 |
| total: | 1 | 350g |
| Wisp | 20 | 1200 | / | 0 |
| Archer | 11 | 1430 | / | 110 |
| Huntress | 7 | 1365 | / | 140 |
| Mountain Giant | 7 | 2450 | / | 700 |
| total: | 45 | 6445g | / | 950w |
| Altar of Elders | 1 | 180 | / | 50 |
| Moon Well | 8 | 1440 | / | 320 |
| Ancient of War | 2 | 300 | / | 120 |
| Hunter's Hall | 1 | 210 | / | 100 |
| Ancient of Wonders | 1 | 90 | / | 30 |
| Tree of Life | 2 | 680 | / | 370 |
| Ancient of Lore | 3 | 465 | / | 435 |
| Tree of Ages | 1 | 320 | / | 180 |
| Tree of Eternity | 1 | 330 | / | 200 |
| total: | 18 | 3365g | / | 1425w |
| 0:05 | Wisp |
| 0:05 | Wisp |
| 0:05 | Wisp |
| 0:06 | Wisp |
| 0:10 | Altar of Elders |
| 0:18 | Moon Well |
| 0:48 | Wisp |
| 0:59 | Wisp |
| 1:05 | Ancient of War |
| 1:32 | Hunter's Hall |
| 1:37 | Wisp |
| 1:54 | Moon Well |
| 1:59 | Wisp |
| 2:14 | Mana Burn |
| 2:15 | Archer |
| 2:26 | Wisp |
| 2:30 | Ancient of Wonders |
| 2:52 | Archer |
| 2:57 | Moon Well |
| 3:15 | Archer |
| 3:17 | Ultravision |
| 3:44 | Huntress |
| 3:57 | Moon Armor |
| 4:08 | Huntress |
| 4:20 | Evasion |
| 4:28 | Moon Well |
| 4:32 | Wisp |
| 4:56 | Huntress |
| 5:31 | Huntress |
| 6:00 | Tree of Ages |
| 6:33 | Huntress |
| 6:35 | Strength of the Moon |
| 6:54 | Archer |
| 7:00 | Ancient of War |
| 7:29 | Archer |
| 7:37 | Mana Burn |
| 8:01 | Archer |
| 8:09 | Moon Well |
| 8:34 | Moon Glaive |
| 8:41 | Improved Bows |
| 9:02 | Ancient of Lore |
| 9:16 | Evasion |
| 9:24 | Archer |
| 9:31 | Entangling Roots |
| 9:45 | Moon Well |
| 10:38 | Thorns Aura |
| 10:48 | Mountain Giant |
| 10:52 | Archer |
| 10:57 | Improved Strength of the Moon |
| 11:58 | Mountain Giant |
| 12:58 | Tree of Life |
| 13:01 | Wisp |
| 13:01 | Wisp |
| 13:11 | Wisp |
| 13:57 | Tree of Eternity |
| 14:08 | Ancient of Lore |
| 14:58 | Archer |
| 15:31 | Wisp |
| 15:32 | Wisp |
| 15:32 | Wisp |
| 15:52 | Scroll of Town Portal |
| 16:24 | Hardened Skin |
| 16:42 | Wisp |
| 16:50 | Ancient of Lore |
| 16:53 | Marksmanship |
| 17:26 | Entangling Roots |
| 17:33 | Mana Burn |
| 17:43 | Mountain Giant |
| 17:51 | Moon Well |
| 17:59 | Archer |
| 18:01 | Well Spring |
| 18:13 | Resistant Skin |
| 19:05 | Mountain Giant |
| 19:10 | Moon Well |
| 19:13 | Reinforced Hides |
| 19:16 | Mountain Giant |
| 20:23 | Trueshot Aura |
| 21:03 | Thorns Aura |
| 21:10 | Archer |
| 21:18 | Huntress |
| 21:20 | Mountain Giant |
| 22:54 | Huntress |
| 22:59 | Mountain Giant |
| 23:50 | Improved Reinforced Hides |
| 24:06 | Trueshot Aura |
| 24:07 | Searing Arrows |
| 25:37 | Metamorphosis |
| 25:55 | Tree of Life |
| 26:40 | Wisp |
| 26:40 | Wisp |
| 26:40 | Wisp |
| 27:34 | Thorns Aura |
| Right click | 747 |
| Select group | 569 |
| Select | 440 |
| Build/train/purchase | 97 |
| Use ability | 54 |
| Assign group | 34 |
| Remove unit | 3 |
| Item give/drop | 1 |
67 units @ 10k
/ 2.6k
19 buildings @ 3.4k
/ 1.4k


| Scroll of Town Portal | 1 | 350 |
| total: | 1 | 350g |
| Wisp | 24 | 1440 | / | 0 |
| Archer | 8 | 1040 | / | 80 |
| Dryad | 12 | 1740 | / | 720 |
| Druid of the Claw | 21 | 5355 | / | 1680 |
| Huntress | 1 | 195 | / | 20 |
| Glaive Thrower | 1 | 210 | / | 65 |
| total: | 67 | 9980g | / | 2565w |
| Ancient Protector | 3 | 405 | / | 240 |
| Altar of Elders | 1 | 180 | / | 50 |
| Moon Well | 7 | 1260 | / | 280 |
| Ancient of War | 1 | 150 | / | 60 |
| Hunter's Hall | 1 | 210 | / | 100 |
| Tree of Life | 2 | 680 | / | 370 |
| Ancient of Wonders | 2 | 180 | / | 60 |
| Ancient of Lore | 2 | 310 | / | 290 |
| Tree of Ages | 1 | 320 | / | 180 |
| Tree of Eternity | 2 | 660 | / | 400 |
| total: | 19 | 3375g | / | 1450w |
| 0:02 | Wisp |
| 0:06 | Altar of Elders |
| 0:10 | Wisp |
| 0:17 | Moon Well |
| 0:19 | Wisp |
| 0:35 | Wisp |
| 0:40 | Ancient of War |
| 0:43 | Wisp |
| 0:52 | Wisp |
| 1:16 | Wisp |
| 1:29 | Wisp |
| 1:36 | Moon Well |
| 1:38 | Wisp |
| 1:42 | Archer |
| 1:52 | Wisp |
| 2:01 | Archer |
| 2:15 | Mana Burn |
| 2:36 | Archer |
| 2:40 | Wisp |
| 2:54 | Archer |
| 3:03 | Tree of Ages |
| 3:25 | Archer |
| 3:36 | Moon Well |
| 4:05 | Hunter's Hall |
| 4:23 | Evasion |
| 4:33 | Moon Well |
| 4:46 | Archer |
| 5:20 | Ultravision |
| 5:33 | Ancient of Lore |
| 5:34 | Wisp |
| 5:34 | Wisp |
| 5:55 | Ancient of Lore |
| 6:12 | Wisp |
| 6:12 | Wisp |
| 6:12 | Wisp |
| 6:28 | Mana Burn |
| 6:36 | Strength of the Wild |
| 6:48 | Force of Nature |
| 6:52 | Abolish Magic |
| 6:53 | Dryad |
| 7:17 | Druid of the Claw Adept Training |
| 7:18 | Dryad |
| 7:43 | Tree of Eternity |
| 7:57 | Archer |
| 8:23 | Moon Well |
| 8:27 | Reinforced Hides |
| 9:05 | Entangling Roots |
| 9:15 | Moon Well |
| 9:19 | Tree of Life |
| 9:26 | Ancient Protector |
| 10:13 | Druid of the Claw Master Training |
| 10:13 | Druid of the Claw |
| 10:27 | Wisp |
| 10:27 | Wisp |
| 10:27 | Wisp |
| 10:55 | Mark of the Claw |
| 11:03 | Improved Strength of the Wild |
| 11:29 | Wisp |
| 11:36 | Druid of the Claw |
| 12:10 | Druid of the Claw |
| 12:20 | Evasion |
| 12:22 | Force of Nature |
| 12:46 | Druid of the Claw |
| 13:07 | Dryad |
| 13:10 | Well Spring |
| 13:33 | Dryad |
| 13:53 | Druid of the Claw |
| 14:51 | Wisp |
| 14:51 | Wisp |
| 14:51 | Wisp |
| 14:56 | Druid of the Claw |
| 14:56 | Druid of the Claw |
| 15:25 | Druid of the Claw |
| 15:28 | Dryad |
| 15:51 | Ancient of Wonders |
| 17:02 | Moon Well |
| 17:04 | Dryad |
| 17:30 | Druid of the Claw |
| 17:34 | Improved Reinforced Hides |
| 18:01 | Ancient of Wonders |
| 18:30 | Druid of the Claw |
| 18:54 | Druid of the Claw |
| 18:55 | Dryad |
| 19:00 | Tree of Life |
| 19:38 | Entangling Roots |
| 20:11 | Druid of the Claw |
| 20:11 | Druid of the Claw |
| 20:15 | Dryad |
| 20:59 | Druid of the Claw |
| 20:59 | Druid of the Claw |
| 21:44 | Dryad |
| 21:44 | Dryad |
| 21:50 | Mana Burn |
| 22:16 | Druid of the Claw |
| 22:37 | Druid of the Claw |
| 22:37 | Druid of the Claw |
| 23:02 | Ancient Protector |
| 23:10 | Archer |
| 23:33 | Huntress |
| 23:34 | Glaive Thrower |
| 24:03 | Dryad |
| 24:12 | Advanced Strength of the Wild |
| 24:29 | Druid of the Claw |
| 24:34 | Scroll of Town Portal |
| 24:45 | Ancient Protector |
| 24:48 | Wisp |
| 25:47 | Druid of the Claw |
| 26:27 | Druid of the Claw |
| 26:33 | Dryad |
| Right click | 1240 |
| Select | 587 |
| Select group | 414 |
| Build/train/purchase | 113 |
| Misc. action | 57 |
| Use ability | 54 |
| Assign group | 39 |
| Remove unit | 3 |
โ